Map: [ESL] Data-C

Players

HeroMarine

  • Race: Terran Terran
  • League: Master
  • Spawn Location: 9:00

SKillous - Winner!

  • Race: Protoss Protoss
  • League: Grandmaster
  • Spawn Location: 3:00

Event: HomeStory Cup XXII

VOD

Have the link to the VOD?

Description

Time

  • Played on: Dec. 16, 2022, 9:40 a.m.
  • Length: 18:06

All games in this series

Show
View Real Time Build Order
Export as new Build Order

HeroMarine Terran 

Build Orders:  

Get SALT Encoding   

  12  0:00  SCV  
  13  0:12  SCV  
  14  0:17  Supply Depot  
  14  0:24  SCV  
  15  0:38  SCV  
  15  0:40  Barracks  
  16  0:44  Refinery  
  16  0:50  SCV  
  17  1:03  SCV  
  18  1:15  SCV  
  19  1:26  Marine  
  19  1:27  Orbital Command  
  20  1:43  Command Center  
  20  1:52  SCV, Factory  
  21  2:00  Refinery  
  21  2:02  Barracks Reactor  
  21  2:04  SCV  
  22  2:10  Supply Depot  
  22  2:16  SCV  
  23  2:32  SCV  
  24  2:37  Starport  
  24  2:42  Hellion x2  
  24  2:44  SCV  
  29  2:45  Marine  
  30  2:56  SCV  
  31  3:05  Widow Mine x2  
  34  3:08  SCV  
  35  3:13  Medivac  
  35  3:15  Orbital Command  
  37  3:20  SCV  
  37  3:27  Widow Mine x2  
  42  3:32  Armory  
  42  3:34  SCV  
  43  3:39  Refinery  
  43  3:40  SCV  
  44  3:46  SCV  
  45  3:53  Supply Depot  
  45  4:00  SCV, Barracks Tech Lab  
  45  4:02  SCV, Medivac, Widow Mine x2  
  53  4:12  SCV  
  53  4:15  SCV  
  55  4:17  Supply Depot  
  55  4:25  SCV  
  55  4:27  SCV  
  55  4:28  Widow Mine x2  
  55  4:34  Medivac  
  55  4:36  Stimpack  
  55  4:37  SCV  
  58  4:39  SCV, Marine  
  58  4:49  SCV, Widow Mine x2  
  58  4:51  SCV  
  64  5:01  SCV  
  64  5:03  SCV  
  68  5:10  Widow Mine  
  68  5:12  Command Center  
  68  5:14  Widow Mine  
  70  5:16  SCV x2  
  70  5:20  Bunker  
  70  5:21  Supply Depot, Marine  
  70  5:23  Starport Reactor  
  70  5:27  Barracks  
  67  5:32  Barracks, Widow Mine  
  67  5:35  Widow Mine  
  69  5:38  SCV  
  69  5:39  SCV  
  69  5:40  Marine  
  70  5:48  Engineering Bay  
  70  5:49  Engineering Bay  
  70  5:50  SCV  
  70  5:51  SCV  
  70  5:56  Widow Mine  
  74  5:58  Marine  
  74  6:00  Widow Mine  
  74  6:02  SCV  
  74  6:03  SCV  
  75  6:14  SCV  
  75  6:15  SCV, Marine  
  76  6:18  Starport Reactor  
  76  6:19  Combat Shield  
  76  6:22  Barracks x2  
  72  6:26  Marine  
  72  6:27  Marine x3  
  72  6:30  Terran Infantry Armor Level 1, Factory Reactor  
  74  6:33  Terran Infantry Weapons Level 1  
  74  6:37  SCV x2  
  74  6:39  Missile Turret, Marine  
  74  6:44  Marine x2  
  74  6:45  Marine x2  
  79  6:49  SCV x2  
  79  6:51  Missile Turret  
  77  6:54  Orbital Command  
  77  6:57  Marine  
  78  7:01  SCV x2  
  78  7:02  Medivac, Marine x2  
  78  7:03  Medivac  
  78  7:04  Marine  
  85  7:10  Missile Turret  
  85  7:11  Barracks Tech Lab x2  
  85  7:13  SCV  
  85  7:14  SCV  
  85  7:15  Widow Mine  
  89  7:16  Widow Mine  
  89  7:18  Supply Depot  
  89  7:20  SCV  
  94  7:23  Marauder, Marine  
  94  7:24  Marine  
  94  7:25  SCV  
  94  7:26  SCV, Marine x2  
  100  7:33  Medivac  
  100  7:34  Refinery  
  100  7:35  Medivac  
  100  7:37  SCV  
  100  7:39  Marine x2  
  100  7:40  SCV x2  
  100  7:41  Supply Depot, Marine  
  100  7:43  Supply Depot  
  106  7:45  Widow Mine  
  106  7:46  Concussive Shells  
  106  7:49  SCV  
  109  7:55  Marine  
  109  7:56  SCV  
  109  7:57  SCV  
  109  7:58  Widow Mine, Marauder, Marine x2  
  115  8:01  Marauder  
  115  8:03  Marauder  
  115  8:04  SCV, Refinery  
  120  8:06  Supply Depot  
  120  8:07  Marine  
  120  8:08  Refinery, SCV  
  120  8:09  Widow Mine  
  120  8:10  SCV  
  125  8:13  Marine  
  125  8:14  Medivac  
  125  8:15  Missile Turret  
  125  8:18  Medivac  
  132  8:20  Marauder  
  132  8:23  SCV  
  132  8:26  Supply Depot  
  133  8:27  SCV, Marauder x2  
  133  8:29  Terran Infantry Weapons Level 2  
  138  8:36  Widow Mine x2  
  138  8:37  Marine x4  
  148  8:41  Marauder  
  148  8:46  Supply Depot  
  148  8:47  Supply Depot  
  148  8:48  Marine  
  148  8:51  Marauder  
  148  8:53  Medivac  
  148  8:54  Medivac  
  157  9:03  Marauder  
  157  9:08  Marauder  
  155  9:12  Marauder  
  144  9:19  Widow Mine  
  144  9:20  Widow Mine  
  144  9:23  Medivac  
  144  9:24  Command Center, Medivac, Marauder  
  154  9:29  Marauder  
  156  9:33  Marauder, Marine x2  
  156  9:37  Terran Infantry Armor Level 2, Starport  
  152  9:39  Terran Ship Weapons Level 1  
  152  9:40  Marine x2  
  156  9:45  Marauder  
  156  9:50  Marauder  
  156  9:52  Supply Depot  
  158  9:53  Viking  
  158  9:54  Viking  
  158  9:55  Marauder  
  164  10:00  Supply Depot  
  164  10:01  Supply Depot  
  164  10:03  Missile Turret  
  164  10:04  Ghost Academy  
  164  10:06  SCV x3, Missile Turret  
  169  10:07  Marauder, Marine  
  169  10:08  Marine x2  
  169  10:10  Marine  
  169  10:12  Marauder  
  173  10:16  Marauder  
  173  10:20  SCV  
  173  10:21  SCV x2  
  178  10:23  Viking x2  
  178  10:26  Missile Turret  
  178  10:27  Viking  
  186  10:34  SCV x3  
  186  10:39  Marauder  
  186  10:40  Marauder  
  176  10:43  Marauder  
  176  10:46  SCV x2  
  176  10:48  SCV  
  176  10:53  Viking  
  176  11:00  Enhanced Shockwaves, Ghost  
  176  11:02  Viking x2, Marine, Ghost  
  176  11:03  Marine x2  
  176  11:04  Marine, Ghost  
  190  11:12  Planetary Fortress  
  190  11:14  Missile Turret  
  190  11:15  Missile Turret  
  187  11:20  Marine x2  
  187  11:25  Barracks x2  
  188  11:27  Barracks, Marine  
  188  11:28  Marine  
  188  11:29  Marauder  
  188  11:31  Medivac x2, Marauder  
  198  11:36  Marine  
  198  11:38  Marine  
  197  11:40  Sensor Tower  
  165  11:58  Marauder x2  
  165  11:59  Marine  
  165  12:00  Marine  
  165  12:01  Marauder, Marine  
  168  12:04  Marine  
  168  12:06  SCV  
  169  12:14  Barracks Reactor, Barracks Tech Lab x2  
  160  12:16  Marine  
  160  12:18  Marine x2  
  160  12:19  Marauder  
  160  12:20  Marauder  
  160  12:21  Marine  
  160  12:22  Marine  
  159  12:34  Marauder, Marine  
  146  12:40  Marauder  
  146  12:41  Marauder x2  
  146  12:42  Marine  
  146  12:44  Viking x2  
  150  12:45  Viking x2  
  150  12:46  Terran Infantry Weapons Level 3  
  150  12:50  Command Center  
  154  12:53  Marauder  
  154  12:55  Marauder  
  154  12:56  Marine x5  
  161  13:00  Marine  
  161  13:01  Marauder  
  161  13:02  Marauder x2  
  145  13:13  Marine  
  145  13:14  Marauder, Marine  
  145  13:16  Marauder  
  145  13:17  Marine x2  
  145  13:18  Viking x2  
  145  13:19  SCV x3  
  152  13:23  Marauder  
  152  13:24  Marauder x2, Marine x2  
  152  13:26  SCV  
  146  13:31  SCV x3  
  129  13:35  Marauder  
  129  13:38  Marauder, Marine  
  129  13:40  Medivac  
  125  13:43  Marine x2  
  125  13:44  Marauder  
  125  13:45  Marauder  
  125  13:48  Marauder, Marine  
  127  13:52  Medivac  
  127  13:53  Marine  
  127  13:54  Marine  
  132  14:00  Medivac x2  
  132  14:01  Marauder x2  
  127  14:05  Marauder  
  127  14:06  Orbital Command  
  127  14:07  Marine x3  
  127  14:09  SCV x2  
  132  14:10  SCV  
  132  14:11  SCV  
  123  14:17  Marauder  
  123  14:21  SCV x2  
  123  14:22  SCV, Marauder  
  123  14:23  SCV  
  116  14:24  Marine  
  116  14:25  Marauder, Marine x3  
  116  14:27  Medivac, Marauder  
  116  14:28  Medivac  
  116  14:29  Marine  
  116  14:30  Marine  
  124  14:31  Marine  
  125  14:39  Marauder  
  125  14:42  Marine x3  
  125  14:43  Viking, Marauder x2  
  125  14:45  Viking  
  138  14:46  Marine  
  138  14:47  Marine  
  138  14:48  Marauder  
  142  14:53  Marine x2  
  144  15:00  Marauder, Marine x2  
  144  15:03  Sensor Tower  
  144  15:04  Marauder x2  
  144  15:05  Marauder  
  154  15:08  Marine x2  
  154  15:09  Marauder  
  154  15:11  Marine  
  159  15:17  Marine  
  159  15:18  Marine x2, Orbital Command  
  162  15:21  Marauder  
  162  15:25  Marauder  
  162  15:26  Marauder x2, Marine x2  
  171  15:30  Ghost  
  171  15:34  Marine x2  
  170  15:43  Marauder  
  170  15:47  Marauder x3  
  175  15:51  Medivac x2  
  177  15:58  Marine  
  177  15:59  Marauder, Marine x2  
  177  16:02  Marine  
  173  16:04  Marauder  
  173  16:07  Orbital Command  
  173  16:08  Marauder, Ghost  
  173  16:09  SCV, Marauder  
  173  16:10  SCV x3  
  156  16:15  Marine  
  146  16:21  Marauder  
  146  16:25  Marine  
  152  16:26  Marauder  
  152  16:28  Medivac  
  152  16:29  Marauder, Ghost  
  155  16:34  Missile Turret  
  155  16:37  Marauder  
  155  16:39  Marine  
  151  16:42  Marauder  
  155  16:47  Marauder  
  155  16:51  Medivac, Marauder  
  159  16:57  Marine  
  159  16:58  Marauder  
  142  17:02  Marauder  
  142  17:05  Marauder, Marine x3  
  142  17:06  Marine x2  
  142  17:08  Marine  
  147  17:12  Marine  
  136  17:15  Marine  
  136  17:16  Orbital Command  
  136  17:19  Marine  
  131  17:23  Marine x5  
  131  17:24  Marine  
  131  17:26  Marine  
  121  17:36  Marauder, Marine  
  88  17:37  Marine  
  88  17:38  Marine  
  83  17:44  Marine x2  
Show
View Real Time Build Order
Export as new Build Order

SKillous Protoss - Winner!

Build Orders: 1 Gate Expand, Phoenix Opening 

Get SALT Encoding   

  12  0:00  Probe  
  13  0:12  Probe  
  14  0:17  Pylon  
  14  0:24  Probe  
  15  0:35  Gateway  
  15  0:37  Probe (Chrono Boost)  
  16  0:47  Probe (Chrono Boost), Assimilator  
  17  0:52  Probe (Chrono Boost)  
  18  1:04  Probe  
  19  1:16  Probe  
  20  1:22  Cybernetics Core  
  20  1:34  Nexus  
  20  1:40  Pylon  
  20  1:44  Probe  
  21  1:50  Assimilator  
  20  1:56  Adept (Chrono Boost), Probe  
  24  2:08  Probe (Chrono Boost)  
  24  2:18  Probe (Chrono Boost)  
  24  2:19  Stargate  
  25  2:23  Probe (Chrono Boost)  
  25  2:26  Adept  
  28  2:35  Probe (Chrono Boost)  
  29  2:39  Warp Gate  
  29  2:46  Probe (Chrono Boost)  
  31  2:53  Probe (Chrono Boost)  
  31  2:55  Probe (Chrono Boost)  
  31  2:56  Adept  
  34  2:59  Probe (Chrono Boost)  
  34  3:03  Phoenix (Chrono Boost)  
  37  3:06  Probe  
  37  3:09  Pylon  
  38  3:14  Probe  
  38  3:18  Probe  
  40  3:23  Phoenix (Chrono Boost)  
  40  3:26  Probe  
  43  3:31  Probe  
  44  3:38  Probe  
  45  3:42  Nexus  
  45  3:47  Pylon  
  46  3:50  Phoenix (Chrono Boost)  
  46  3:53  Probe  
  46  3:55  Probe  
  49  4:03  Robotics Facility  
  49  4:05  Probe  
  49  4:07  Probe  
  51  4:10  Phoenix  
  51  4:14  Assimilator  
  53  4:17  Probe  
  53  4:19  Assimilator  
  45  4:26  Probe (Chrono Boost)  
  45  4:29  Probe (Chrono Boost)  
  45  4:36  Phoenix  
  49  4:39  Probe (Chrono Boost)  
  49  4:40  Probe (Chrono Boost)  
  49  4:45  Probe (Chrono Boost)  
  49  4:48  Probe (Chrono Boost)  
  49  4:50  Observer  
  52  5:00  Probe (Chrono Boost)  
  52  5:01  Probe x2 (Chrono Boost)  
  52  5:05  Probe (Chrono Boost)  
  52  5:06  Probe (Chrono Boost)  
  52  5:08  Probe  
  48  5:16  Probe x2 (Chrono Boost)  
  51  5:22  Adept  
  51  5:25  Probe (Chrono Boost)  
  51  5:28  Probe (Chrono Boost)  
  55  5:30  Robotics Bay  
  55  5:31  Probe (Chrono Boost)  
  55  5:33  Phoenix, Probe (Chrono Boost)  
  55  5:34  Probe (Chrono Boost)  
  59  5:38  Probe  
  59  5:42  Probe  
  61  5:44  Observer, Probe  
  63  5:50  Probe  
  63  5:51  Pylon  
  63  5:55  Probe (Chrono Boost)  
  63  5:56  Probe (Chrono Boost)  
  66  5:58  Phoenix  
  63  6:06  Adept  
  68  6:11  Probe x2 (Chrono Boost)  
  68  6:15  Probe (Chrono Boost)  
  68  6:17  Probe (Chrono Boost)  
  69  6:19  Probe (Chrono Boost)  
  69  6:23  Colossus (Chrono Boost)  
  70  6:26  Probe (Chrono Boost)  
  78  6:33  Probe (Chrono Boost)  
  78  6:36  Probe (Chrono Boost)  
  78  6:37  Probe (Chrono Boost)  
  80  6:41  Probe x2 (Chrono Boost)  
  80  6:43  Pylon  
  80  6:44  Probe, Pylon  
  82  6:49  Nexus  
  82  6:56  Probe  
  82  6:57  Probe  
  82  6:59  Pylon  
  82  7:00  Twilight Council  
  82  7:01  Probe  
  84  7:06  Colossus (Chrono Boost)  
  84  7:08  Probe  
  84  7:09  Probe  
  84  7:15  Probe  
  93  7:16  Sentry  
  96  7:22  Probe  
  96  7:23  Probe, Forge  
  96  7:25  Forge  
  97  7:30  Extended Thermal Lance  
  97  7:32  Probe  
  98  7:38  Probe x2  
  98  7:42  Shield Battery  
  101  7:44  Probe, Pylon  
  101  7:46  Shield Battery  
  101  7:48  Gateway  
  101  7:49  Gateway  
  101  7:50  Probe  
  102  7:51  Pylon  
  102  7:57  Warp Prism (Chrono Boost)  
  100  7:59  Probe, Protoss Ground Armor Level 1 (Chrono Boost)  
  100  8:00  Probe  
  100  8:03  Probe x2  
  100  8:04  Protoss Ground Weapons Level 1 (Chrono Boost)  
  106  8:08  Gateway x2  
  106  8:10  Shield Battery  
  106  8:12  Probe x2  
  108  8:15  Probe  
  108  8:16  Charge, Probe  
  110  8:22  Gateway  
  110  8:23  Gateway  
  110  8:24  Probe  
  110  8:26  Probe  
  112  8:27  Probe, Pylon  
  112  8:28  Colossus (Chrono Boost)  
  119  8:38  Gateway  
  119  8:39  Pylon  
  119  8:41  Pylon  
  119  8:43  Photon Cannon  
  119  8:44  Probe, Photon Cannon  
  120  8:48  Zealot x2  
  120  8:53  Pylon  
  124  8:56  Zealot  
  126  9:06  Zealot x2  
  130  9:11  Zealot x2  
  130  9:14  Colossus (Chrono Boost)  
  124  9:20  Probe  
  124  9:21  Probe  
  126  9:26  Zealot x4  
  126  9:29  Probe  
  135  9:34  Zealot x4  
  143  9:40  Blink  
  143  9:44  Pylon  
  143  9:46  Gateway x2  
  143  9:47  Gateway  
  143  9:49  Protoss Ground Armor Level 2 (Chrono Boost), Protoss Ground Weapons Level 2 (Chrono Boost)  
  143  9:53  Gateway  
  143  9:57  Nexus  
  143  9:58  Sentry, Pylon  
  143  9:59  Sentry  
  147  10:00  Observer (Chrono Boost)  
  147  10:04  Zealot x6  
  160  10:23  Shield Battery, Photon Cannon  
  158  10:40  Zealot  
  156  10:49  Zealot x11  
  152  10:57  Colossus (Chrono Boost)  
  152  11:01  Probe  
  159  11:12  Stalker x2  
  159  11:13  Zealot, Probe  
  159  11:15  Stalker x9  
  182  11:24  Photon Cannon  
  182  11:34  Robotics Facility  
  182  11:39  Disruptor (Chrono Boost)  
  185  11:40  Zealot x3  
  185  11:41  Zealot x3  
  171  11:52  Zealot  
  171  11:53  Zealot x5  
  133  12:11  Disruptor (Chrono Boost), Zealot x3  
  133  12:12  Zealot x3  
  133  12:13  Zealot x6, Protoss Ground Weapons Level 3 (Chrono Boost)  
  153  12:26  Protoss Ground Armor Level 3 (Chrono Boost)  
  153  12:29  Pylon  
  151  12:31  Nexus, Zealot x3  
  151  12:32  Zealot x3  
  148  12:37  Zealot x6  
  154  12:51  Sentry  
  154  12:52  Zealot x4  
  154  12:55  Zealot  
  164  12:59  Nexus, Zealot x5, Stalker  
  168  13:05  Disruptor  
  168  13:08  Disruptor  
  164  13:26  Zealot  
  164  13:27  Zealot x11  
  136  13:38  Observer, Pylon  
  128  13:41  Disruptor  
  123  13:49  Stalker x7  
  123  13:50  Zealot x5  
  123  13:51  Probe x2  
  123  13:54  Assimilator  
  122  14:10  Zealot x2  
  122  14:11  Zealot  
  122  14:12  Zealot x2  
  122  14:16  Disruptor (Chrono Boost)  
  109  14:25  Zealot  
  109  14:26  Zealot x9, Probe (Chrono Boost)  
  132  14:31  Probe (Chrono Boost)  
  132  14:34  Probe (Chrono Boost)  
  132  14:35  Probe x2 (Chrono Boost)  
  132  14:37  Probe (Chrono Boost)  
  136  14:41  Disruptor (Chrono Boost), Probe (Chrono Boost)  
  136  14:42  Zealot  
  136  14:45  Sentry  
  141  14:46  Nexus  
  141  14:47  Probe  
  141  14:48  Disruptor (Chrono Boost)  
  141  14:49  Assimilator  
  143  14:53  Pylon  
  143  14:54  Zealot  
  143  14:55  Stalker  
  143  14:56  Stalker x3  
  153  15:00  Shield Battery  
  153  15:03  Photon Cannon  
  153  15:10  Zealot x7  
  153  15:13  Dark Shrine  
  167  15:16  Assimilator  
  167  15:17  Assimilator  
  168  15:22  Disruptor (Chrono Boost), Observer (Chrono Boost)  
  168  15:25  Zealot x4  
  177  15:34  Zealot x4  
  185  15:44  Nexus  
  185  15:46  Zealot x2  
  189  15:50  Disruptor  
  186  15:58  Shield Battery  
  180  16:08  Zealot x2  
  180  16:09  Zealot x8  
  191  16:16  Unknown  
  168  16:19  Observer  
  168  16:21  Zealot x2  
  167  16:26  Observer  
  163  16:32  Zealot  
  163  16:33  Zealot x5  
  179  16:43  Void Ray  
  177  16:48  Zealot x5  
  181  16:55  Stalker x6  
  182  17:11  Zealot x5  
  182  17:19  Zealot x6  
  146  17:38  Zealot x4  
  146  17:39  Zealot  
Tags
 
Add a new tag
Caveats
  • Supply blocks, unpowered buildings, or Contaminate may cause inaccurate times.
  • Supply counts are checked every 10 seconds.